 Dungeon Crawl Stone Soup version 0.20-a0-681-gf83e07f (webtiles) character file.

4629 graki42 the Thaumaturge (level 10, -1/78 HPs)
             Began as a Deep Elf Fire Elementalist on Feb 18, 2017.
             Was a Follower of Vehumet.
             Slain by an eight-headed hydra (4 damage)
             ... on level 9 of the Dungeon.
             The game lasted 00:27:26 (7619 turns).

graki42 the Thaumaturge (DEFE)                      Turns: 7619, Time: 00:27:26

Health: -1/78      AC:  6    Str: 13    XL:     10   Next: 19%
Magic:  3/36       EV: 14    Int: 21    God:    Vehumet [*.....]
Gold:   299        SH:  0    Dex: 15    Spells: 11/31 levels left

rFire    . . .     SeeInvis .   r - staff of air
rCold    . . .     Gourm    .   a - +0 robe
rNeg     . . .     Faith    .   (no shield)
rPois    .         Spirit   .   (no helmet)
rElec    +         Reflect  .   J - +0 cloak
rCorr    .         Harm     .   i - +1 pair of gloves
MR       +....     Rnd*Tele +   K - +0 pair of boots {Fly}
Stlth    ..........             D - amulet of regeneration
Regen    0.7/turn               n - ring of teleportation (curse)
MPRegen  0.3/turn               j - ring of magical power

@: berserking, lethally poisoned (-1 -> -1), about to teleport, flying, very
slightly contaminated, very quick
A: no striking features
a: Renounce Religion, Stop Flying


You were on level 9 of the Dungeon.
You worshipped Vehumet.
Vehumet was aware of your devotion.
You were very hungry.

You visited 2 branches of the dungeon, and saw 10 of its levels.

You collected 471 gold pieces.
You spent 172 gold pieces at shops.

Inventory:

Hand Weapons
 y - the +8 rapier of the Dozen Lovers {flame, +Rage rF- Dex+5 SInv}
   (You found it on level 4 of the Dungeon)

   It has been specially enchanted to burn those struck by it, causing extra
   injury to most foes and up to half again as much damage against particularly
   susceptible opponents.
   It affects your dexterity (+5).
   It makes you vulnerable to fire.
   It lets you see invisible.
   It lets you go berserk.
Armour
 a - a +0 robe (worn)
 i - a +1 pair of gloves (worn)
 J - a +0 cloak (worn)
 K - a +0 pair of boots of flying (worn)
Magical Staves
 r - an uncursed staff of air (weapon)
 H - an uncursed staff of summoning
Jewellery
 j - a ring of magical power (left hand)
 n - a cursed ring of teleportation (right hand)
 o - a +2 amulet of reflection
 z - an uncursed ring of flight {unknown}
 D - an amulet of regeneration (around neck)
Wands
 b - a wand of flame (26/48)
 w - a wand of polymorph (13/24)
 x - a wand of confusion (20/48)
 B - a wand of random effects (18/48)
Scrolls
 q - 5 scrolls of identify
 s - 4 scrolls of amnesia
 F - a scroll of fog
Potions
 d - 2 potions of agility
 g - a potion of magic
 h - a potion of mutation
 k - 4 potions of flight {unknown}
 l - 3 potions of curing
 m - 5 potions of haste
 t - 3 potions of heal wounds {unknown}
 v - 2 potions of berserk rage
 A - a potion of ambrosia {unknown}
 E - a potion of experience {unknown}
Books
 C - a book of Air

   Spells                             Type                      Level
   a - Shock                          Conjuration/Air              1
   b - Swiftness                      Charms/Air                   2
   c - Static Discharge               Conjuration/Air              3
   d - Airstrike                      Air                          4
   e - Lightning Bolt                 Conjuration/Air              5
 G - a book of Callings

   Spells                             Type                      Level
   a - Summon Small Mammal            Summoning                    1
   b - Call Imp                       Summoning                    2
   c - Call Canine Familiar           Summoning                    3
   d - Summon Guardian Golem          Hexes/Summoning              3
   e - Summon Lightning Spire         Summoning/Air                4
   f - Summon Ice Beast               Ice/Summoning                4
Comestibles
 c - 5 bread rations
 f - 14 fruits
 p - 6 meat rations
 u - 8 royal jellies
 I - 6 chunks of flesh


   Skills:
 + Level 1.0 Fighting
 + Level 1.5 Short Blades
 + Level 0.2 Throwing
 + Level 3.8 Dodging
 + Level 5.0 Stealth
 + Level 11.1 Spellcasting
 + Level 7.4 Conjurations
 + Level 2.9 Hexes
 + Level 9.4 Fire Magic
 * Level 3.2 Air Magic


You had 11 spell levels left.
You knew the following spells:

 Your Spells              Type           Power        Failure   Level  Hunger
a - Flame Tongue          Conj/Fire      #####        1%          1    None
b - Conjure Flame         Conj/Fire      #####...     1%          3    None
c - Inner Flame           Hex/Fire       #####...     1%          3    None
d - Sticky Flame          Conj/Fire      #####...     1%          4    #......
e - Fireball              Conj/Fire      #####.....   6%          5    ####...
f - Airstrike             Air            #####.....   17%         4    #......


Dungeon Overview and Level Annotations

Branches:
Dungeon (9/15)             Temple (1/1) D:6
   Lair: D:8-11         Orc: D:9-12

Altars:
Ashenzari
Cheibriados
Dithmenos
Elyvilon
Fedhas
Gozag
Hepliaklqana
Kikubaaqudgha
Makhleb
Nemelex Xobeh
Okawaru
Qazlal
Ru
Sif Muna
Trog
Uskayaw
Vehumet
Xom
Yredelemnul
Zin
The Shining One

Shops:
D:9 [}


Message History

The eight-headed hydra closely misses you.
The eight-headed hydra completely misses you.
The eight-headed hydra bites you!
* * * LOW HITPOINT WARNING * * *
The eight-headed hydra closely misses you.
The eight-headed hydra misses you. The eight-headed hydra bites you.
* * * LOW HITPOINT WARNING * * *
The kobold closely misses you. The kobold hits you but does no damage.
You barely miss the kobold.
The eight-headed hydra is engulfed in blazing flames.
The eight-headed hydra misses you. The eight-headed hydra bites you!
* * * LOW HITPOINT WARNING * * *
The eight-headed hydra bites you.
* * * LOW HITPOINT WARNING * * *
The eight-headed hydra closely misses you.
The eight-headed hydra bites you.
* * * LOW HITPOINT WARNING * * *
The eight-headed hydra closely misses you.
The eight-headed hydra bites you.
You die...

#.## #..#### ..
...... ... .....
.... #...# #####
...# ...#
..#########...#
..))..K.D.....###
...).)K@§Y........
#################.


You could see an eight-headed hydra, a sky beast (inner flame) and 2 kobolds.

Vanquished Creatures
  Pikel (D:4)
  A hornet (D:9)
  2 hippogriffs
  Sigmund (D:2)
  A wyvern (D:8)
  A human (D:7)
  A yak (D:7)
  3 hogs (D:7)
  Edmund (D:6)
  A porcupine (D:9)
  3 slaves (D:4)
  An orc warrior (D:8)
  An eye of draining (D:7)
  3 ice beasts
  2 phantoms
  3 ogres
  A crocodile (D:7)
  A big kobold (D:9)
  4 bullfrogs
  A scorpion (D:4)
  3 crimson imps
  2 bullfrog skeletons
  A jelly (D:7)
  An orc priest (D:6)
  A centaur skeleton (D:6)
  4 hounds
  4 orc wizards
  Ijyb (D:3)
  2 iguanas
  Terence (D:3)
  9 worker ants
  2 hound skeletons
  4 gnolls
  10 adders
  2 oozes
  An adder skeleton (D:4)
  5 worms
  4 dart slugs
  6 leopard geckos
  14 orcs
  8 bats
  3 giant cockroaches
  8 goblins
  6 hobgoblins
  11 jackals
  11 kobolds
  2 quokkas
  A ball python (D:5)
  4 frilled lizards
  A quokka zombie (D:7)
  7 rats
172 creatures vanquished.

Notes
Turn   | Place    | Note
-------+----------+-------------------------------------------
     0 | D:1      | graki42 the Deep Elf Fire Elementalist began the quest for the Orb.
     0 | D:1      | Reached XP level 1. HP: 10/10 MP: 6/6
   434 | D:1      | Reached XP level 2. HP: 15/15 MP: 6/8
   993 | D:2      | Reached XP level 3. HP: 19/19 MP: 6/9
  1057 | D:2      | Noticed Sigmund
  1074 | D:2      | Learned a level 3 spell: Conjure Flame
  1078 | D:2      | Learned a level 3 spell: Inner Flame
  1677 | D:2      | Killed Sigmund
  1677 | D:2      | Reached skill level 4 in Spellcasting
  1677 | D:2      | Reached XP level 4. HP: 12/24 MP: 12/12
  1677 | D:2      | Reached XP level 5. HP: 14/28 MP: 14/14
  1881 | D:2      | Found a burning altar of Makhleb.
  1929 | D:2      | Reached skill level 5 in Fire Magic
  2226 | D:2      | Reached skill level 5 in Spellcasting
  2232 | D:2      | Learned a level 4 spell: Sticky Flame
  2359 | D:3      | Reached XP level 6. HP: 29/33 MP: 15/15
  2373 | D:3      | Noticed Ijyb
  2376 | D:3      | Killed Ijyb
  2646 | D:3      | Noticed Terence
  2656 | D:3      | Killed Terence
  3495 | D:4      | Noticed Pikel
  3495 | D:4      | Noticed a slave
  3495 | D:4      | Noticed a slave
  3495 | D:4      | Noticed a slave
  3500 | D:4      | Noticed a slave
  3503 | D:4      | Killed a slave
  3503 | D:4      | Killed a slave
  3503 | D:4      | Killed a slave
  3504 | D:4      | Killed Pikel
  3504 | D:4      | Reached skill level 6 in Spellcasting
  3504 | D:4      | Reached skill level 1 in Hexes
  3504 | D:4      | Reached XP level 7. HP: 37/37 MP: 14/19
  3681 | D:4      | Got a translucent rapier
  3682 | D:4      | Identified the +8 rapier of the Dozen Lovers {flame, +Rage rF- Dex+5 SInv} (You found it on level 4 of the Dungeon)
  3780 | D:5      | Entered Level 5 of the Dungeon
  3788 | D:5      | Reached skill level 7 in Spellcasting
  3788 | D:5      | Reached XP level 8. HP: 42/42 MP: 20/20
  4117 | D:5      | Reached skill level 5 in Conjurations
  4468 | D:6      | Noticed Edmund
  4477 | D:6      | Killed Edmund
  4477 | D:6      | Reached skill level 8 in Spellcasting
  4484 | D:6      | Learned a level 5 spell: Fireball
  4596 | D:6      | Reached skill level 5 in Stealth
  4850 | D:6      | Reached skill level 1 in Short Blades
  4850 | D:6      | Reached skill level 9 in Spellcasting
  5088 | D:6      | Found a staircase to the Ecumenical Temple.
  5094 | Temple   | Entered the Ecumenical Temple
  5101 | Temple   | Became a worshipper of Vehumet
  5183 | D:6      | Reached XP level 9. HP: 39/46 MP: 19/24
  5256 | D:6      | Found a white marble altar of Elyvilon.
  5265 | D:6      | Found a hide-covered altar of Uskayaw.
  5621 | D:7      | Found a bloodstained altar of Trog.
  6005 | D:7      | Learned a level 4 spell: Airstrike
  6134 | D:7      | Reached skill level 10 in Spellcasting
  6134 | D:7      | Reached skill level 1 in Air Magic
  6138 | D:7      | Reached * piety under Vehumet
  6138 | D:7      | Offered knowledge of Sting by Vehumet.
  7046 | D:8      | Reached XP level 10. HP: 21/51 MP: 20/26
  7222 | D:8      | Reached skill level 11 in Spellcasting
  7393 | D:9      | Paralysed by a hornet for 2 turns
  7508 | D:9      | Found Icvefe's Gadget Shop.
  7530 | D:9      | Found a shadowy altar of Dithmenos.
  7560 | D:9      | Reached skill level 1 in Fighting
  7588 | D:9      | Found Fetitas's Armour Emporium.
  7597 | D:9      | Bought a +0 pair of boots of flying for 172 gold pieces
  7606 | D:9      | Noticed an eight-headed hydra
  7619 | D:9      | HP: 3/78 [eight-headed hydra (5)]
  7619 | D:9      | Slain by an eight-headed hydra

Vault maps used:
D:1:      lemuel_arrival_lava_pool
D:2:      bloody_makhleb, uniq_sigmund
D:3:      cheibrodos_helix_gallery, uniq_iyjb, uniq_terence
D:4:      first_bread, grunt_ministairs_10, uniq_pikel
D:5:      grunt_decor_resistance
D:6:      amethyst_overflow_temple_binary, temple_green, uniq_edmund
D:7:      old_standard_altar, grunt_livestock, grunt_ministairs_2,
          minmay_misc_feat_alley
D:9:      minmay_blocky_corners, grunt_lair_entry_orc_guard_hut, serial_shops,
          nicolae_shop_crystal, shop, nicolae_shop_stone, kennysheep_mini,
          basic_altar, dk_noncrumbling_2
Temple:   nicolae_temple_no_exploring_needed

Skill      XL: |  1  2  3  4  5  6  7  8  9 10 |
---------------+-------------------------------+-----
Fire Magic     | 4 5 6 7 9 |  9.4
Stealth        | 3 4 5 |  5.0
Spellcasting   | 4 5 6 7 9 10 11 | 11.1
Conjurations   | 2 4 5 7 |  7.4
Dodging        | 3 |  3.8
Hexes          | 1 2 |  2.9
Short Blades   | 1 |  1.5
Air Magic      | 2 3 |  3.2
Fighting       | 1 |  1.0
Throwing       | |  0.2

Action                   |  1- 3 |  4- 6 |  7- 9 | 10-12 || total
-------------------------+-------+-------+-------+-------++-------
Melee: Dagger            |     2 |       |       |       ||     2
       Staff             |       |     5 |     3 |     1 ||     9
       Rapier            |       |       |    16 |       ||    16
Throw: Throwing net      |     1 |       |       |       ||     1
 Cast: Flame Tongue      |    56 |   100 |   171 |    11 ||   338
       Inner Flame       |     1 |     3 |     6 |     2 ||    12
       Conjure Flame     |       |     2 |     7 |     2 ||    11
       Sticky Flame      |       |       |    19 |     4 ||    23
       Fireball          |       |       |     4 |     5 ||     9
  Use: Scroll            |       |       |    12 |     2 ||    14
       Potion            |       |       |       |     1 ||     1
 Stab: Sleeping          |       |     2 |       |       ||     2
  Eat: Chunk             |     2 |     5 |    13 |     2 ||    22
Armor: Robe              |    11 |     2 |    11 |     6 ||    30
Dodge: Dodged            |    15 |    20 |    63 |    18 ||   116
Block: Other             |       |       |     1 |       ||     1
